 Dungeon Crawl Stone Soup version 0.19-a0-459-gb8ed64d (webtiles) character file.

113 Duffy the Ruffian (level 4, 0/28 HPs)
             Began as a Gargoyle Monk on June 2, 2016.
             Slain by a centaur (5 damage)
             ... on level 5 of the Dungeon.
             The game lasted 00:01:06 (1294 turns).

Duffy the Ruffian (Gargoyle Monk)                   Turns: 1294, Time: 00:01:08

Health: 0/28       AC: 11    Str: 14    XL:     4   Next: 96%
Magic:  4/4        EV:  6    Int: 11    God:
Gold:   66         SH:  0    Dex: 13    Spells: 0 memorised, 3 levels left

rFire  . . .     SeeInvis .       - Unarmed
rCold  . . .     Gourm    .     k - +0 chain mail
rNeg   + . .     Faith    .     (no shield)
rPois  ∞         Spirit   .     (no helmet)
rElec  +         Dismiss  .     (no cloak)
rCorr  .         Reflect  .     (no gloves)
SustAt .         Harm     .     (no boots)
MR     .....                    g - amulet of magic regeneration
Stlth  ..........               (no ring)
                                (no ring)

@: not resistant to hostile enchantments, extremely unstealthy
A: negative energy resistance 1, electricity resistance, unbreathing,
petrification resistance, rot immunity, AC +3
a: no special abilities


You were on level 5 of the Dungeon.
You were not hungry.

You visited 1 branch of the dungeon, and saw 5 of its levels.

You collected 66 gold pieces.


Innate Abilities, Weirdness & Mutations

You are resistant to torment.
Your stone body is resilient. (AC +3)
You are immune to poison.
You resist negative energy. (rN+)
You are resistant to electric shocks. (rElec)
You can survive without breathing.
You are immune to petrification.
You are immune to rotting.


   Skills:
 - Level 3.2 Fighting
 - Level 2.4 Dodging
 - Level 2.1 Stealth
 + Level 6.1 Unarmed Combat


You had 3 spell levels left.
You didn't know any spells.

Inventory:

Armour
 a - a +0 robe
 k - a +0 chain mail (worn)
Jewellery
 g - an amulet of magic regeneration (around neck)
Wands
 j - a wand of confusion (29/48)
Scrolls
 c - a scroll of teleportation {unknown}
 d - a scroll of identify {unknown}
 e - a scroll of random uselessness {unknown}
Potions
 f - a potion of invisibility {unknown}
 h - a potion of agility {unknown}
 i - a potion of curing {unknown}
Comestibles
 b - 2 bread rations

Dungeon Overview and Level Annotations

Branches:
Dungeon (5/15)
 Temple: D:4-7

Altars:
Elyvilon
Pakellas
Qazlal
The Shining One


Message History

The centaur shoots an arrow.
The arrow hits you.
The centaur shoots an arrow.
The arrow hits you.
You see here an arrow.
You hit the giant gecko.
You kill the giant gecko!
A giant gecko comes into view.
The centaur unwields an uncursed shortbow.
The centaur hits you.
You are too injured to fight recklessly!
You are too injured to fight recklessly!
You are too injured to fight recklessly!
You are too injured to fight recklessly!
You are too injured to fight recklessly!
You are too injured to fight recklessly!
You are too injured to fight recklessly!
You are too injured to fight recklessly!
You are too injured to fight recklessly!
You are too injured to fight recklessly!
You are too injured to fight recklessly!
You are too injured to fight recklessly!
You are too injured to fight recklessly!
You are too injured to fight recklessly!
You are too injured to fight recklessly!
You are too injured to fight recklessly!
You are too injured to fight recklessly!
You are too injured to fight recklessly!
You are too injured to fight recklessly!
You are too injured to fight recklessly!
You are too injured to fight recklessly!
You are too injured to fight recklessly!
Your chain mail prevents you from hitting the centaur.
Your punch misses the centaur. The centaur closely misses you.
You hit the centaur.
The centaur is lightly wounded.
The centaur hits you but does no damage.
The centaur hits you.
You hit the centaur but do no damage.
The centaur is lightly wounded.
The centaur barely misses you.
You punch the centaur!
The centaur is moderately wounded.
The centaur hits you but does no damage.
Your chain mail prevents you from hitting the centaur.
The centaur is moderately wounded.
The centaur hits you but does no damage.
The centaur barely misses you.
You hit the centaur.
The centaur is heavily wounded.
The centaur hits you.
You die...

... !. .... ..
....##.####
..<..#....###
.....^......
..........#####
..............###
.......(...##....
........l@c.....##
......###%#..##...
.....# #..........
.(..# ##%........
..#. #.....[... .
# #.........
#.........
#.........
#.........


You could see a centaur and a giant gecko.

Action                   |  1- 3 |  4- 6 || total
-------------------------+-------+-------++-------
Melee: Unarmed           |    53 |    15 ||    68
 Stab: Sleeping          |     5 |       ||     5
  Eat: Chunk             |     1 |       ||     1
Armor: Robe              |    11 |       ||    11
       Chain mail        |     4 |    10 ||    14
Dodge: Dodged            |    39 |     5 ||    44

Notes
Turn   | Place    | Note
--------------------------------------------------------------
     0 | D:1      | Duffy the Gargoyle Monk began the quest for the Orb.
     0 | D:1      | Reached XP level 1. HP: 14/14 MP: 1/1
   329 | D:2      | Found a glowing golden altar of the Shining One.
   381 | D:2      | Found a white marble altar of Elyvilon.
   393 | D:2      | Found a stormy altar of Qazlal.
   422 | D:2      | Found an oddly glowing altar of Pakellas.
   679 | D:4      | Reached XP level 2. HP: 19/19 MP: 2/2
   775 | D:4      | Reached skill level 5 in Unarmed Combat
   775 | D:4      | Reached XP level 3. HP: 9/23 MP: 3/3
  1254 | D:5      | Entered Level 5 of the Dungeon
  1271 | D:5      | Reached XP level 4. HP: 28/28 MP: 4/4
  1280 | D:5      | Noticed a centaur
  1285 | D:5      | Reached skill level 6 in Unarmed Combat
  1294 | D:5      | Slain by a centaur

Skill      XL: |  1  2  3  4 |
---------------+-------------+-----
Unarmed Combat | 5 6 |  6.1
Fighting       | |  3.2
Dodging        | |  2.4
Stealth        | |  2.1

Vault maps used:
D:1:      dpeg_arrival_rhombus, serial_park_tiny_2
D:2:      overflow_temple_1_default, lemuel_doored_altar,
          nicolae_overflow_quartered_altars, nicolae_ru_sacrificial_ziggurat
D:3:      kennysheep_orc_chapel, uniq_grinder
D:4:      first_bread, minmay_goblin_kobold_house
D:5:      lemuel_ice_spiral_2, temple_statues, serial_shops, nicolae_shop_trees

Vanquished Creatures
  A howler monkey
  A centaur skeleton
  A worker ant
  An ooze
  3 giant geckos
  A giant cockroach
  A hobgoblin
  6 jackals
  A quokka
  A giant newt
17 creatures vanquished.
